 Dungeon Crawl Stone Soup version 0.21-a0-267-ga5fc350 (webtiles) character file.

10014 RKaid the Slinger (level 11, -5/60 HPs)
             Began as a Spriggan Arcane Marksman on Sept 13, 2017.
             Was an Initiate of Gozag.
             Killed from afar by loom's ghost (22 damage)
             ... with an orb of energy
             ... on level 10 of the Dungeon.
             The game lasted 01:29:53 (19134 turns).

RKaid the Slinger (Spriggan Arcane Marksman)       Turns: 19134, Time: 01:29:53

Health: -5/60      AC:  5    Str:  8    XL:     11   Next: 30%
Magic:  16/16      EV: 22    Int: 21    God:    Gozag
Gold:   1419       SH:  3    Dex: 20    Spells: 4/16 levels left

rFire    + . .     SeeInvis +   a - +9 hunting sling "Oggyumua" {velocity, rF+}
rCold    . . .     Gourm    .   (shield restricted)
rNeg     . . .     Faith    .   F - +1 robe "Jaineng" {MR+ Int+5} (curse)
rPois    .         Spirit   .   (helmet restricted)
rElec    .         Reflect  +   y - +1 cloak
rCorr    .         Harm     .   (gloves unavailable)
MR       ++...                  (boots unavailable)
Stlth    +++.......             q - +3 amulet of reflection
HPRegen  0.20/turn              x - +3 ring of dexterity
MPRegen  0.15/turn              (no ring)

@: very quick
A: unfitting armour, see invisible, herbivore 3, speed 3, slow metabolism 2
a: Potion Petition, Call Merchant, Bribe Branch, Renounce Religion


You were on level 10 of the Dungeon.
You worshipped Gozag.
Gozag was most pleased with you.
You were not hungry.

You visited 2 branches of the dungeon, and saw 11 of its levels.
You also visited: Sewer.

You collected 1982 gold pieces.
You spent 336 gold pieces at shops.
You paid 227 gold pieces to Gozag.

Inventory:

Hand Weapons
 a - the +9 hunting sling "Oggyumua" (weapon) {velocity, rF+}
   (You found it on level 10 of the Dungeon)

   Any stone fired from it inflicts extra damage.
   It protects you from fire.
 b - a +2 dagger of venom
   (You took it off a goblin on level 3 of the Dungeon)
 w - a +0 blowgun
   (You took it off a kobold in a sewer)
 K - a +0 falchion of flaming
   (You found it on level 8 of the Dungeon)
 O - a +2 hunting sling of velocity
   (You found it on level 5 of the Dungeon)
Missiles
 h - 88 stones
 C - 40 poisoned needles
 G - 2 throwing nets {=f}
 Q - 59 sling bullets (quivered)
Armour
 u - a +2 buckler
   (You found it on level 9 of the Dungeon)
 y - a +1 cloak (worn)
   (You found it on level 2 of the Dungeon)
 F - the cursed +1 robe "Jaineng" (worn) {MR+ Int+5}
   (You bought it in a shop on level 5 of the Dungeon)

   It affects your intelligence (+5).
   It affects your resistance to hostile enchantments.
   It has a curse placed upon it.
Jewellery
 q - a +3 amulet of reflection (around neck)
   (You found it on level 2 of the Dungeon)
 x - a +3 ring of dexterity (left hand)
   (You found it on level 5 of the Dungeon)
Wands
 z - a wand of confusion (38/48)
   (You found it on level 4 of the Dungeon)
 D - a wand of digging (8/24)
   (You took it off Ijyb on level 3 of the Dungeon)
 J - a wand of random effects (26/48)
   (You found it on level 8 of the Dungeon)
 L - a wand of digging (5/24)
   (You found it on level 9 of the Dungeon)
Scrolls
 d - 5 scrolls of enchant weapon
 g - 3 scrolls of immolation {!r}
 i - a scroll of identify
 j - 2 scrolls of enchant armour
 k - 3 scrolls of fog
 o - 6 scrolls of remove curse
 r - a scroll of magic mapping {!r}
 v - 6 scrolls of teleportation
 I - 3 scrolls of amnesia
 M - 2 scrolls of recharging
 P - a scroll of fear {unknown}
Potions
 e - 2 potions of resistance
 l - a potion of ambrosia
 m - a potion of magic
 n - 5 potions of heal wounds
 p - a potion of agility
 s - 6 potions of lignification {!q}
 t - a potion of cancellation
 E - a potion of invisibility
 N - a potion of flight
Books
 c - a book of Debilitation
 R - a book of Party Tricks
   (You found it on level 10 of the Dungeon)
Miscellaneous
 B - a phial of floods
   (You found it on level 9 of the Dungeon)
Comestibles
 f - 9 bread rations
 A - 2 royal jellies
 H - 16 fruits


   Skills:
 * Level 8.8 Fighting
 - Level 10.0 Short Blades
 + Level 11.0 Slings
 - Level 6.0 Dodging
 - Level 4.0 Stealth
 + Level 1.1 Shields
 - Level 3.0 Spellcasting
 - Level 5.0 Hexes
 - Level 3.5 Translocations


You had 4 spell levels left.
You knew the following spells:

 Your Spells              Type           Power        Failure   Level  Hunger
a - Portal Projectile     Hex/Tloc       ###...       7%          3    ###....
b - Corona                Hex            ###....      1%          1    None
c - Cause Fear            Hex            ###.......   17%         4    ####...
d - Slow                  Hex            ###.....     2%          2    ##.....
A - Apportation           Tloc           ###...       3%          1    None
B - Summon Butterflies    Summ           #.......     13%         1    None


Dungeon Overview and Level Annotations

Branches:
Dungeon (10/15)            Temple (1/1) D:7
   Lair: D:8-11         Orc: D:9-12

Altars:
Ashenzari
Cheibriados
Dithmenos
Elyvilon
Fedhas
Gozag
Hepliaklqana
Kikubaaqudgha
Makhleb
Nemelex Xobeh
Okawaru
Qazlal
Ru
Sif Muna
Trog
Uskayaw
Vehumet
Wu Jian
Xom
Yredelemnul
Zin
The Shining One
Lugonu

Shops:
D:4 ?   D:5 [   D:6 ?(?[}   D:9 (

Annotations:
D:9 Joseph
D:10 loom's ghost, novice DrCj


Innate Abilities, Weirdness & Mutations

You are very small and have problems with some larger weapons.
You are too small for most types of armour.
You have supernaturally acute eyesight. (SInv)
You are a herbivore.
You cover ground extremely quickly.
You need consume almost no food.


Message History

You now have 1391 gold pieces (gained 16).
You see here a giant club.
s - 6 potions of lignification {!q} (gained 1)
A jelly comes into view.
The jelly quivers.
Quiver which item? (- for none, * to show all) (? for menu, Esc to quit)
Quivering
h - 94 stones for slings.
Firing (i - inventory. (,) - cycle):
h - 94 stones (quivered)
Press: ? - help, Shift-Dir - straight line, f - jelly
Aim: a jelly You shoot a stone.
The stone hits the jelly.
Firing (i - inventory. (,) - cycle):
h - 93 stones (quivered)
Press: ? - help, Shift-Dir - straight line, f/p - jelly
Aim: a jelly (moderately wounded)
You shoot a stone. The stone hits the jelly!
You kill the jelly!
Something hits the demonic plant!!
No target in view!
Something hits the demonic plant.
The slime creature quivers.
The slime creature hits the demonic plant!
There is an open gate here.
Things that are here:
5 gold pieces; 2 stones
h - 94 stones (gained 2)
You now have 1396 gold pieces (gained 5).
You now have 1419 gold pieces (gained 23).
Loom's ghost turns its malevolent gaze towards you.
Firing (i - inventory. (,) - cycle):
h - 94 stones (quivered)
Press: ? - help, Shift-Dir - straight line, f - loom's ghost
Aim: loom's ghost, wielding a weapon of protection You shoot a stone.
The stone hits loom's ghost!
Firing (i - inventory. (,) - cycle):
h - 93 stones (quivered)
Press: ? - help, Shift-Dir - straight line, f/p - loom's ghost
Aim: loom's ghost, wielding a weapon of protection (lightly damaged)
You shoot a stone. The stone barely misses loom's ghost.
Firing (i - inventory. (,) - cycle):
h - 92 stones (quivered)
Press: ? - help, Shift-Dir - straight line, f/p - loom's ghost
Aim: loom's ghost, wielding a weapon of protection (lightly damaged)
You shoot a stone. The stone closely misses loom's ghost.
Firing (i - inventory. (,) - cycle):
h - 91 stones (quivered)
Press: ? - help, Shift-Dir - straight line, f/p - loom's ghost
Aim: loom's ghost, wielding a weapon of protection (lightly damaged)
You shoot a stone. The stone hits loom's ghost!
Loom's ghost threatens, "Do not fail me, O fires of Iskenderun!"
Firing (i - inventory. (,) - cycle):
h - 90 stones (quivered)
Press: ? - help, Shift-Dir - straight line, f/p - loom's ghost
Aim: loom's ghost, wielding a weapon of protection (moderately damaged)
You shoot a stone. The stone hits loom's ghost.
Loom's ghost threatens, "Do not fail me, O fires of Iskenderun!"
Firing (i - inventory. (,) - cycle):
h - 89 stones (quivered)
Press: ? - help, Shift-Dir - straight line, f/p - loom's ghost
Aim: loom's ghost, wielding a weapon of protection (moderately damaged)
You shoot a stone. The stone closely misses loom's ghost.
Quiver which item? (- for none, * to show all) (? for menu, Esc to quit)
Quivering
Q - 66 sling bullets for slings.
Firing (i - inventory. (,) - cycle):
Q - 66 sling bullets (quivered)
Press: ? - help, Shift-Dir - straight line, f/p - loom's ghost
Aim: loom's ghost, wielding a weapon of protection (moderately damaged)
You shoot a sling bullet.
The sling bullet barely misses loom's ghost.
Firing (i - inventory. (,) - cycle):
Q - 65 sling bullets (quivered)
Press: ? - help, Shift-Dir - straight line, f/p - loom's ghost
Aim: loom's ghost, wielding a weapon of protection (moderately damaged)
You shoot a sling bullet.
The sling bullet barely misses loom's ghost.
Loom's ghost points at you and mumbles some strange words.
The orb of energy hits you!
Firing (i - inventory. (,) - cycle):
Q - 64 sling bullets (quivered)
Press: ? - help, Shift-Dir - straight line, f/p - loom's ghost
Aim: loom's ghost, wielding a weapon of protection (moderately damaged)
You shoot a sling bullet.
The sling bullet barely misses loom's ghost.
Press: ? - help, v - describe, . - travel
Here: loom's ghost, wielding a weapon of protection (moderately damaged)
The floor.
Firing (i - inventory. (,) - cycle):
Q - 63 sling bullets (quivered)
Press: ? - help, Shift-Dir - straight line, f/p - loom's ghost
Aim: loom's ghost, wielding a weapon of protection (moderately damaged)
You shoot a sling bullet. The sling bullet hits loom's ghost!
Firing (i - inventory. (,) - cycle):
Q - 62 sling bullets (quivered)
Press: ? - help, Shift-Dir - straight line, f/p - loom's ghost
Aim: loom's ghost, wielding a weapon of protection (heavily damaged)
You shoot a sling bullet. The sling bullet hits loom's ghost!
Firing (i - inventory. (,) - cycle):
Q - 61 sling bullets (quivered)
Press: ? - help, Shift-Dir - straight line, f/p - loom's ghost
Aim: loom's ghost, wielding a weapon of protection (severely damaged)
You shoot a sling bullet.
The sling bullet hits loom's ghost but does no damage.
Firing (i - inventory. (,) - cycle):
Q - 60 sling bullets (quivered)
Press: ? - help, Shift-Dir - straight line, f/p - loom's ghost
Aim: loom's ghost, wielding a weapon of protection (severely damaged)
You shoot a sling bullet. The sling bullet hits loom's ghost.
Loom's ghost gestures at you while chanting.
The orb of energy hits you!
* * * LOW HITPOINT WARNING * * *
Loom's ghost casts a spell at you. The orb of energy hits you!
You die...
Your body crumbles into a pile of gold.

./)..# #....#.§§§....♣#(##
.##..#######......'§§_.≈≈.#..#
.##..............#'.......#(.#
###.########.≈...P#.......#..#
#.# #.#....#P..P####(.# ..#
#.....P##...#..(..# #.##
####.#..#P♣PP..#..W### ..
#......#..####≈##(..# ...
#.##.##.@..#...≈..### ...
#.#...#.##....W(### ...
#.#...#.######### #.#...#.#
#.##.##.# #.......# ####
####.#### ...# #.# ##.######
#.#


You could see loom's ghost.

Vanquished Creatures
  A hydra (D:8)
  A cyclops (shapeshifter) (D:9)
  A kobold demonologist (D:10)
  2 dream sheep (D:8)
  A hippogriff (D:10)
  7 yaks
  A wyvern (D:8)
  A steam dragon (D:10)
  Edmund (D:5)
  A water moccasin (D:9)
  Purgy (Sewer)
  6 ice beasts
  9 sky beasts
  An orc warrior (D:9)
  3 black bears
  A phantom (D:7)
  7 ogres
  A crocodile (D:8)
  8 centaurs
  5 big kobolds
  5 bullfrogs
  A gnoll sergeant (D:7)
  A wyvern zombie (D:10)
  5 scorpions
  13 killer bees
  A wight (D:9)
  3 howler monkeys (D:7)
  4 bullfrog zombies
  7 crimson imps
  2 quasits
  A bullfrog skeleton (D:10)
  6 jellies
  3 hounds
  2 centaur zombies (D:9)
  3 orc priests
  A centaur skeleton (D:6)
  Terence (D:3)
  Ijyb (D:3)
  3 iguanas
  4 orc wizards
  9 worker ants
  2 hound zombies
  A worker ant zombie (D:6)
  Robin (D:3)
  4 gnolls
  14 adders
  A river rat (D:5)
  A shadow imp (D:10)
  A white imp (D:4)
  An ooze (D:6)
  An adder zombie (D:2)
  An adder skeleton (D:7)
  2 worms
  3 dart slugs
  A leopard gecko (D:10)
  21 orcs
  3 giant cockroaches
  14 goblins
  14 hobgoblins
  14 jackals
  6 quokkas
  3 ball pythons
  3 bats
  6 frilled lizards
  16 kobolds
  8 rats
277 creatures vanquished.

Vanquished Creatures (others)
  A demonic plant (D:10)
1 creature vanquished.

Grand Total: 278 creatures vanquished

Notes
Turn   | Place    | Note
-------+----------+-------------------------------------------
     0 | D:1      | RKaid the Spriggan Arcane Marksman began the quest for the Orb.
     0 | D:1      | Reached XP level 1. HP: 9/9 MP: 3/3
    75 | D:1      | Reached skill level 1 in Fighting
   191 | D:1      | Reached XP level 2. HP: 14/14 MP: 5/5
   364 | D:1      | Reached skill level 2 in Spellcasting
   756 | D:2      | Silverhawk: Hello, I am just watching while my recording is rendering. Hope it goes ok =)
   759 | D:2      | RKaid: cool, thanks!
   981 | D:2      | Reached XP level 3. HP: 10/18 MP: 7/7
  1287 | D:2      | Reached skill level 4 in Hexes
  1574 | D:2      | Reached skill level 3 in Slings
  1784 | D:2      | Reached XP level 4. HP: 10/22 MP: 9/9
  2188 | D:2      | Reached skill level 3 in Spellcasting
  2193 | D:2      | Learned a level 3 spell: Portal Projectile
  2339 | D:2      | Found a stormy altar of Qazlal.
  2751 | D:3      | Noticed Ijyb
  2817 | D:3      | Noticed Robin
  3090 | D:3      | Noticed Terence
  3421 | D:3      | Reached XP level 5. HP: 26/26 MP: 10/10
  3847 | D:3      | Reached skill level 2 in Fighting
  3847 | D:3      | Reached skill level 4 in Slings
  3847 | D:3      | Reached skill level 5 in Hexes
  4039 | D:3      | Killed Robin
  4276 | D:3      | Killed Terence
  4276 | D:3      | Reached skill level 1 in Translocations
  4344 | D:3      | Reached skill level 1 in Short Blades
  4392 | D:3      | Killed Ijyb
  4392 | D:3      | Reached XP level 6. HP: 19/32 MP: 11/11
  5091 | D:4      | Found Ingismurph's Magic Scroll Shop.
  5102 | D:4      | Bought a scroll of teleportation for 39 gold pieces
  5102 | D:4      | Bought a scroll of teleportation for 39 gold pieces
  5118 | D:4      | Reached skill level 2 in Translocations
  5189 | D:4      | Found a snail-covered altar of Cheibriados.
  5370 | D:4      | Reached skill level 2 in Short Blades
  5404 | D:4      | HP: 1/32 [white imp/puff of frost (10)]
  5582 | D:4      | Found a glowing silver altar of Zin.
  5585 | D:4      | Silverhawk: close =)
  5586 | D:4      | RKaid: yeah!
  5600 | D:4      | Reached skill level 3 in Fighting
  5600 | D:4      | Reached skill level 3 in Translocations
  6123 | D:5      | Entered Level 5 of the Dungeon
  6347 | D:5      | Noticed a sky beast
  6374 | D:5      | Noticed a sky beast
  6513 | D:5      | Killed a sky beast
  6513 | D:5      | Reached XP level 7. HP: 36/36 MP: 12/12
  6531 | D:5      | You fall through a shaft!
  6555 | D:5      | Reached skill level 3 in Short Blades
  6555 | D:5      | Reached skill level 4 in Dodging
  6761 | D:5      | Found a glowing drain.
  6768 | Sewer    | Entered a sewer
  7071 | Sewer    | Noticed Purgy
  7114 | Sewer    | Killed Purgy
  7114 | Sewer    | Reached skill level 4 in Short Blades
  7114 | Sewer    | Reached skill level 5 in Dodging
  7373 | D:5      | Noticed Edmund
  7373 | D:5      | Reached skill level 4 in Fighting
  7481 | D:5      | Killed Edmund
  7481 | D:5      | Reached XP level 8. HP: 33/42 MP: 9/13
  7746 | D:5      | Reached skill level 6 in Dodging
  7757 | D:5      | Found an ancient bone altar of Kikubaaqudgha.
  7985 | D:5      | Reached skill level 5 in Short Blades
  8163 | D:5      | Found Rofete's Armour Shop.
  8166 | D:5      | Bought the cursed +1 robe "Jaineng" {MR+ Int+5} for 258 gold pieces
  8451 | D:6      | Found Gyipyrch's Antique Weapon Shop.
  8467 | D:6      | Found Ashretiva's Magic Scroll Boutique.
  8476 | D:6      | Silverhawk: good night and good luck ! =)
  8476 | D:6      | RKaid: thanks, good night :)
  8506 | D:6      | Reached skill level 5 in Slings
  8515 | D:6      | Found an ornate altar of the Wu Jian Council.
  8597 | D:6      | Found Uhulitu's Magic Scroll Shoppe.
  8829 | D:6      | Reached skill level 5 in Fighting
  8871 | D:6      | Found Latiatell's Gadget Shoppe.
  8886 | D:6      | Found Ilamool's Armour Shop.
  8905 | D:6      | Found a sparkling altar of Nemelex Xobeh.
  8997 | D:6      | Reached skill level 6 in Short Blades
  9346 | D:6      | Reached skill level 6 in Slings
  9528 | D:7      | Reached XP level 9. HP: 47/47 MP: 14/14
  9729 | D:7      | Reached skill level 1 in Stealth
  9787 | D:7      | Reached skill level 2 in Stealth
 10029 | D:7      | Found a staircase to the Ecumenical Temple.
 10057 | D:7      | Reached skill level 3 in Stealth
 10244 | Temple   | Entered the Ecumenical Temple
 10491 | Temple   | Became a worshipper of Gozag Ym Sagoz the Greedy
 10681 | D:7      | Reached skill level 7 in Slings
 10736 | D:6      | Reached skill level 7 in Short Blades
 10906 | D:7      | Reached skill level 4 in Stealth
 10998 | D:7      | Found a sacrificial altar of Ru.
 11042 | D:7      | Reached skill level 6 in Fighting
 11691 | D:8      | Reached skill level 8 in Slings
 12080 | D:8      | Reached skill level 8 in Short Blades
 12927 | D:8      | Reached XP level 10. HP: 49/53 MP: 15/15
 12987 | D:8      | HP: 13/53 [poisoned by a killer bee]
 14030 | D:8      | Reached skill level 7 in Fighting
 14030 | D:8      | Reached skill level 9 in Slings
 14200 | D:8      | Noticed a two-headed hydra
 14418 | D:8      | Killed a two-headed hydra
 14418 | D:8      | Reached skill level 9 in Short Blades
 15153 | D:9      | Noticed a fire dragon
 15892 | D:9      | Found a hazy altar of Hepliaklqana.
 15892 | D:9      | Found an iron altar of Okawaru.
 15929 | D:9      | Reached skill level 10 in Slings
 16083 | D:9      | Noticed a deep troll
 16100 | D:9      | Noticed a two-headed ogre
 16120 | D:9      | Noticed a cyclops
 16120 | D:9      | a two-headed ogre changed into a cyclops
 16128 | D:9      | Killed a cyclops
 16186 | D:9      | Noticed Joseph
 16198 | D:9      | HP: 4/56 [Joseph/sling bullet (22)]
 16214 | D:9      | HP: 7/56 [tengu conjurer/orb of energy (19)]
 16553 | D:8      | Reached skill level 10 in Short Blades
 16686 | D:9      | Found Vam Zodu's Weapon Emporium.
 16720 | D:9      | Learned a level 2 spell: Slow
 16725 | D:9      | Learned a level 4 spell: Cause Fear
 16868 | D:9      | Reached skill level 8 in Fighting
 17325 | D:9      | Reached XP level 11. HP: 60/60 MP: 16/16
 18118 | D:10     | Entered Level 10 of the Dungeon
 18169 | D:10     | Found a corrupted altar of Lugonu.
 18446 | D:10     | Got a jewelled hunting sling
 18459 | D:10     | Noticed loom's ghost (novice DrCj)
 18490 | D:9      | Identified the +9 hunting sling "Oggyumua" {velocity, rF+} (You found it on level 10 of the Dungeon)
 18702 | D:9      | Reached skill level 1 in Shields
 18817 | D:10     | Learned a level 1 spell: Apportation
 18819 | D:10     | Learned a level 1 spell: Summon Butterflies
 18933 | D:10     | Reached skill level 11 in Slings
 19134 | D:10     | Killed from afar by loom's ghost

Vault maps used:
D:1:      minmay_arrival_open_corners
D:2:      nicolae_overflow_hidden_temple, st_stairs_2, minmay_misc_feat_doors,
          serial_bayou_lake_a
D:3:      kennysheep_big_flooded_room, uniq_terence, uniq_ijyb, uniq_robin
D:4:      cheibriados_altar_1, old_standard_altar, serial_shops,
          nicolae_shop_window_shopping, minmay_fire_ice_demons
D:5:      lemuel_crystal_altar, serial_shops, kennysheep_mini,
          lightli_sewer_entry_pipes, first_bread, uniq_edmund
D:6:      lemuel_ice_spiral_2, old_standard_altar, serial_curves,
          eino_curves_03, eino_curves_01, serial_shops, kennysheep_little_box,
          shop, shop, nicolae_shop_trees, shop, basic_altar
D:7:      nicolae_ru_great_annihilating_truth, minmay_temple_entry_large_hall
D:8:      hangedman_ranch, centaur_isle
D:9:      minmay_the_grid_3x2, gammafunk_temple_overflow_pools, serial_shops,
          shop, uniq_joseph
D:10:     kennysheep_kobold_lugonu_temple
Temple:   dpeg_chambers_temple
Sewer:    sewer_the_crocodile

Skill      XL: |  1  2  3  4  5  6  7  8  9 10 11 |
---------------+----------------------------------+-----
Fighting       | 1 2 3 4 5 6 8 |  8.8
Spellcasting   | 2 3 |  3.0
Hexes          | 4 5 |  5.0
Slings         | 3 4 6 8 10 11 | 11.0
Translocations | 1 3 |  3.5
Short Blades   | 1 2 4 6 8 10 | 10.0
Dodging        | 5 6 |  6.0
Stealth        | 4 |  4.0
Shields        | 1 |  1.1

Action                   |  1- 3 |  4- 6 |  7- 9 | 10-12 || total
-------------------------+-------+-------+-------+-------++-------
Melee: Dagger            |    16 |    81 |   489 |   237 ||   823
 Fire: Hunting sling     |   168 |   269 |   299 |   416 ||  1152
 Cast: Corona            |     3 |    20 |    16 |     8 ||    47
       Portal Projectile |       |     4 |     1 |     2 ||     7
Invok: Potion Petition   |       |       |       |     1 ||     1
Evoke: Wand              |       |     4 |     9 |       ||    13
  Use: Scroll            |     3 |    10 |    10 |     5 ||    28
       Potion            |       |     1 |       |       ||     1
 Stab: Confused          |       |     4 |     1 |       ||     5
       Sleeping          |       |       |     3 |     1 ||     4
       Distracted        |       |       |       |     3 ||     3
  Eat: Royal jelly       |       |     2 |     2 |     3 ||     7
       Fruit             |       |       |     1 |       ||     1
Armor: Robe              |     8 |    16 |    39 |    21 ||    84
Dodge: Dodged            |    60 |   113 |   374 |   187 ||   734
Block: Other             |     1 |    16 |    56 |    30 ||   103
       Reflection        |       |     1 |     6 |     2 ||     9

Table legend:
 A = Spawn XP
 B = Non-spawn XP
 C = Spawn XP percentage of total XP
 D = Spawn monster count
 E = Non-spawn monster count
 F = Spawn count percentage of total count
 G = Total turns spent on level
                    A         B        C        D         E        F      G
               +---------+---------+-------+---------+---------+-------+---------
         Total |       0 |   14306 |   0.0 |       0 |     277 |   0.0 | 19134
               +---------+---------+-------+---------+---------+-------+---------
           D:1 |       0 |      33 |   0.0 |       0 |      21 |   0.0 |   755
           D:2 |       0 |     140 |   0.0 |       0 |      28 |   0.0 |  2347
           D:3 |       0 |     245 |   0.0 |       0 |      39 |   0.0 |  2108
           D:4 |       0 |     240 |   0.0 |       0 |       6 |   0.0 |  1144
           D:5 |       0 |    1184 |   0.0 |       0 |      22 |   0.0 |  1773
           D:6 |       0 |     932 |   0.0 |       0 |      17 |   0.0 |  1270
           D:7 |       0 |    1524 |   0.0 |       0 |      33 |   0.0 |  1448
           D:8 |       0 |    4264 |   0.0 |       0 |      33 |   0.0 |  4376
           D:9 |       0 |    4332 |   0.0 |       0 |      57 |   0.0 |  2554
          D:10 |       0 |    1268 |   0.0 |       0 |      15 |   0.0 |   660
         Sewer |       0 |     144 |   0.0 |       0 |       6 |   0.0 |   438
               +---------+---------+-------+---------+---------+-------+---------

Table legend:
 A = Turns spent in this place as a percentage of turns spent in the entire game.
 B = Non-inter-level travel turns spent in this place as a percentage of non-inter-level travel turns spent in the entire game.
 C = Inter-level travel turns spent in this place as a percentage of turns spent in this place.
 D = Turns resting spent in this place as a percentage of non-inter-level travel turns spent in this place.
 E = Turns spent auto-exploring this place as a percentage of non-inter-level travel turns spent in this place.
 F = Non-inter-level travel turns spent in this place divided by the number of levels of this place that you've seen.
                   A       B       C       D       E      F
               +-------+-------+-------+-------+-------+----------------------
         Total | 100.0 | 100.0 |   5.0 |  27.9 |  30.7 | 1514.3
       Dungeon |  96.3 |  96.4 |   5.0 |  27.5 |  30.5 | 1752.0
        Temple |   1.4 |   1.2 |  18.0 |   0.0 |  96.7 | 214.0
         Sewer |   2.3 |   2.4 |   0.0 |  56.2 |   6.8 | 438.0
               +-------+-------+-------+-------+-------+----------------------

Table legend:
 A = Kills in this place as a percentage of kills in entire the game.
 B = Kills by you in this place as a percentage of kills by you in the entire game.
 C = Kills by friends in this place as a percentage of kills by friends in the entire game.
 D = Other kills in this place as a percentage of other kills in the entire game.
 E = Experience gained in this place as a percentage of experience gained in the entire game.
 F = Experience gained in this place divided by the number of levels of this place that you have seen.
                   A       B       C       D       E      F
               +-------+-------+-------+-------+-------+----------------------
         Total | 100.0 | 100.0 |   N/A |   N/A | 100.0 | 1192.2
       Dungeon |  97.8 |  97.8 |   N/A |   N/A |  99.0 | 1416.2
         Sewer |   2.2 |   2.2 |   N/A |   N/A |   1.0 | 144.0
               +-------+-------+-------+-------+-------+----------------------
